Map: Thunderbird LE

Players

Mez - Winner!

  • Race: Terran Terran
  • League: Master
  • Spawn Location: 5:00

pioneer

  • Race: Zerg Zerg
  • League: Master
  • Spawn Location: 11:00

VOD

Have the link to the VOD?

Description

Time

  • Played on: Aug. 10, 2019, 9 a.m.
  • Length: 13:06
Show
View Real Time Build Order
Export as new Build Order

Mez Terran - Winner!

Build Orders: Liberator Opening, Reaper Expand 

Get SALT Encoding   

  12  0:00  SCV  
  13  0:12  SCV  
  14  0:17  Supply Depot  
  14  0:24  SCV  
  15  0:39  SCV  
  15  0:41  Barracks  
  16  0:45  Refinery  
  16  0:51  SCV  
  17  1:03  SCV  
  18  1:16  SCV  
  19  1:29  Reaper, Orbital Command  
  20  1:42  Command Center  
  20  1:52  Supply Depot  
  20  1:55  SCV  
  21  2:02  Marine  
  21  2:07  SCV  
  23  2:15  Factory  
  23  2:19  Refinery  
  23  2:23  Barracks Reactor  
  23  2:26  Engineering Bay  
  23  2:44  SCV  
  23  2:59  SCV  
  24  3:10  Starport  
  24  3:12  Hellion x2  
  29  3:17  Barracks Tech Lab  
  29  3:25  SCV  
  29  3:26  Orbital Command  
  29  3:33  Liberator  
  29  3:34  Supply Depot  
  29  3:35  Hellion x2  
  33  3:42  SCV  
  34  3:54  SCV x2  
  39  3:56  Hellion  
  39  3:59  Hellion  
  43  4:06  SCV  
  43  4:07  SCV  
  45  4:12  Stimpack  
  45  4:14  Supply Depot  
  45  4:18  SCV  
  45  4:19  SCV  
  47  4:30  SCV  
  47  4:31  SCV  
  49  4:42  SCV  
  49  4:43  SCV, Command Center  
  49  4:45  Supply Depot  
  51  4:51  Factory Reactor  
  51  4:54  SCV  
  52  5:03  SCV  
  52  5:06  SCV  
  47  5:14  Starport Reactor  
  41  5:15  SCV, Barracks  
  41  5:17  Barracks  
  41  5:18  Supply Depot  
  41  5:19  SCV  
  43  5:21  Bunker  
  43  5:26  Supply Depot  
  43  5:27  SCV  
  44  5:32  SCV  
  44  5:34  Hellion  
  44  5:35  Hellion  
  48  5:39  SCV  
  48  5:40  Marine  
  46  5:45  SCV  
  47  5:56  Orbital Command  
  47  5:57  SCV x2  
  47  5:58  Marine  
  47  6:02  Engineering Bay  
  50  6:04  Engineering Bay  
  50  6:09  SCV x2  
  50  6:10  Factory Reactor  
  52  6:16  Marine x5  
  52  6:17  Combat Shield  
  57  6:21  SCV  
  57  6:22  Medivac x2  
  57  6:25  SCV x2  
  64  6:29  Refinery  
  64  6:31  Refinery  
  64  6:33  SCV  
  64  6:34  Terran Infantry Armor Level 1, Terran Infantry Weapons Level 1  
  64  6:35  Marine x4  
  64  6:36  Marine  
  64  6:37  SCV  
  71  6:40  SCV  
  71  6:46  SCV  
  73  6:48  Barracks x2  
  73  6:49  SCV  
  73  6:52  SCV  
  73  6:53  Marine x3  
  82  6:54  Widow Mine x2  
  82  6:57  Medivac  
  82  6:58  SCV  
  82  7:01  SCV  
  86  7:03  Marine x2  
  86  7:04  SCV  
  89  7:10  SCV, Marine  
  89  7:12  Armory  
  89  7:13  SCV, Marine x2  
  96  7:16  Widow Mine x2  
  96  7:17  SCV  
  96  7:20  Supply Depot  
  96  7:21  Marine x2, Supply Depot  
  101  7:34  Supply Depot x2  
  101  7:38  SCV x2  
  101  7:41  Marine x3, Medivac x2  
  112  7:45  Barracks Reactor x2  
  108  7:52  Missile Turret  
  108  7:54  Missile Turret  
  108  7:56  Supply Depot x2  
  107  7:58  Missile Turret  
  107  8:04  Marine x5  
  105  8:06  Widow Mine x2, SCV x2  
  101  8:15  Medivac x2  
  101  8:18  Terran Vehicle And Ship Armor Level 1  
  101  8:19  Factory  
  105  8:20  SCV x3  
  105  8:21  Marine  
  105  8:22  Marine x4  
  105  8:25  Missile Turret  
  113  8:28  Marine x4  
  113  8:32  Missile Turret  
  116  8:38  Widow Mine  
  116  8:39  Widow Mine, Marine x2  
  116  8:40  Marine  
  123  8:45  Command Center  
  123  8:48  Terran Infantry Armor Level 2, Refinery, Terran Infantry Weapons Level 2  
  123  8:49  Marine  
  123  8:50  Marine  
  125  9:03  Factory Tech Lab  
  125  9:13  Barracks  
  125  9:14  Barracks  
  125  9:16  Barracks  
  118  9:25  Marine x9  
  118  9:29  Widow Mine x2, Thor  
  129  9:42  Marine  
  129  9:43  Marine x8  
  84  9:52  Medivac x2  
  132  9:55  Widow Mine x2, SCV x2  
  132  9:56  Drilling Claws  
  115  10:00  Marine  
  115  10:01  Marine x8  
  124  10:07  Barracks Tech Lab x2  
  124  10:08  Barracks Reactor  
  124  10:18  Thor, Marine x6  
  124  10:19  Widow Mine x2  
  124  10:31  Medivac x2  
  124  10:34  Marine  
  127  10:36  Marine x3, Marauder x3  
  127  10:42  Marine x4  
  140  10:45  Widow Mine x2  
  140  10:47  Barracks  
  140  10:48  Barracks  
  140  10:49  Barracks  
  144  10:52  Marine  
  144  10:53  Marine  
  146  10:59  Marine x2  
  146  11:02  Marine  
  146  11:03  Marine x2, Marauder  
  136  11:19  Marine  
  136  11:20  Marine x5, Marauder  
  136  11:24  Thor  
  145  11:25  Widow Mine x2, Marine  
  145  11:27  Marine x5  
  145  11:29  Planetary Fortress  
  145  11:31  Missile Turret  
  151  11:37  Marine x3  
  151  11:38  Marine  
  155  11:41  Marauder  
  155  11:43  Marine  
  155  11:44  Medivac  
  155  11:45  Marauder, Medivac  
  164  11:53  Marine  
  164  11:54  Marine  
  164  11:57  Marine x2  
  164  11:58  Marine  
  162  12:04  Marine x7  
  162  12:06  Marine  
  162  12:07  Widow Mine x2  
  163  12:08  SCV  
  163  12:15  Supply Depot  
  164  12:16  SCV x2, Marine x4, Supply Depot  
  164  12:27  Marine x2  
  164  12:28  Marine x2  
  164  12:29  Marine  
  164  12:30  Marine  
  164  12:31  Marine x3  
  164  12:34  Marine x4  
  154  12:45  Marine x2  
  154  12:46  Marine  
Show
View Real Time Build Order
Export as new Build Order

pioneer Zerg 

Build Orders: Hatch First, Muta Ling Bane 

Get SALT Encoding   

  12  0:01  Drone  
  13  0:13  Overlord  
  13  0:17  Drone  
  14  0:31  Drone x2  
  14  0:35  Drone  
  17  0:52  Hatchery  
  17  0:56  Drone  
  17  1:11  Spawning Pool  
  16  1:12  Drone  
  16  1:15  Drone  
  18  1:19  Drone  
  19  1:28  Drone  
  20  1:36  Extractor  
  20  1:40  Drone  
  20  1:50  Overlord  
  20  1:58  Queen  
  22  2:04  Queen  
  22  2:06  Zergling x4  
  26  2:14  Drone  
  27  2:17  Drone  
  28  2:37  Drone x2  
  28  2:38  Drone x2, Metabolic Boost  
  31  2:55  Overlord  
  31  2:56  Drone x2  
  32  3:03  Drone  
  32  3:04  Hatchery  
  32  3:14  Overlord  
  32  3:15  Queen  
  32  3:17  Drone x3  
  37  3:24  Overlord  
  37  3:27  Drone x2  
  39  3:34  Overlord  
  39  3:40  Drone  
  40  3:53  Spore Crawler, Queen  
  40  3:55  Lair  
  41  3:57  Drone, Spore Crawler  
  41  3:58  Drone x6  
  47  4:04  Zergling x4  
  49  4:12  Spore Crawler  
  49  4:17  Queen  
  48  4:19  Overlord  
  48  4:20  Zergling x6  
  53  4:33  Queen  
  53  4:38  Extractor  
  54  4:39  Zergling x12  
  54  4:40  Zergling x6  
  54  4:45  Extractor  
  58  5:10  Drone x6  
  58  5:11  Drone x7  
  58  5:12  Drone x2  
  67  5:26  Drone x4  
  70  5:40  Drone x4  
  68  5:52  Drone  
  68  5:56  Extractor  
  68  6:00  Extractor x2  
  68  6:04  Spire, Drone x7  
  68  6:11  Zergling x4, Hatchery, Spine Crawler  
  74  6:16  Overlord x3  
  72  6:20  Drone x2  
  74  6:38  Evolution Chamber, Drone x5  
  74  6:39  Evolution Chamber  
  78  6:47  Drone x5  
  78  6:48  Drone x3  
  78  6:49  Baneling Nest  
  84  6:57  Drone x5  
  84  6:58  Drone x2  
  84  7:00  Overlord  
  91  7:03  Extractor  
  91  7:06  Extractor  
  89  7:19  Zerg Melee Weapons Level 1  
  89  7:20  Zerg Ground Armor Level 1  
  89  7:21  Mutalisk x6  
  89  7:22  Mutalisk x2  
  105  7:27  Drone  
  106  7:36  Centrifical Hooks  
  106  7:38  Zergling x2  
  100  7:52  Zergling x18  
  100  7:53  Zergling x6  
  112  8:11  Spore Crawler  
  112  8:12  Queen, Spine Crawler  
  111  8:13  Spine Crawler  
  111  8:14  Spine Crawler  
  111  8:15  Overlord x2  
  111  8:16  Overlord x3  
  110  8:23  Drone x2  
  110  8:24  Infestation Pit  
  105  8:46  Overlord x2  
  105  8:48  Zergling x2  
  105  8:49  Zergling x16  
  105  8:54  Roach Warren  
  113  8:58  Evolution Chamber  
  113  8:59  Overlord x2  
  113  9:00  Corruptor x4  
  120  9:15  Hive  
  120  9:16  Pneumatized Carapace  
  120  9:18  Zergling x8  
  120  9:19  Zergling x6  
  109  9:27  Zergling x2  
  109  9:28  Zergling x14  
  109  9:34  Zergling x10  
  107  9:39  Baneling x7  
  107  9:41  Zergling x2  
  85  9:56  Zergling x4  
  85  9:57  Zergling x8  
  77  10:02  Zergling x14  
  81  10:14  Zergling x2  
  81  10:15  Zergling x8  
  81  10:19  Zergling x2  
  81  10:20  Zergling x10  
  71  10:35  Ultralisk Cavern  
  71  10:36  Baneling x6  
  71  10:37  Baneling x4  
  70  10:44  Corruptor x4  
  78  10:54  Drone x2  
  78  10:55  Drone x2  
  82  11:06  Zergling x10  
  83  11:24  Zergling x16  
  83  11:36  Chitinous Plating  
  83  11:45  Baneling x5  
  83  11:46  Baneling  
  83  11:47  Ultralisk x2  
  95  11:49  Overseer x4  
  95  11:52  Baneling x2  
  87  12:06  Zergling x2  
  87  12:07  Zergling x26  
  94  12:22  Zergling x12  
  73  12:38  Zergling x6  
  73  12:39  Zergling x6  
Tags
 
Add a new tag
Caveats
  • Supply blocks, unpowered buildings, or Contaminate may cause inaccurate times.
  • Supply counts are checked every 10 seconds.